 Dungeon Crawl Stone Soup version 0.25-a0-246-g58704a1ebd (webtiles) character file.

Game seed: 17449092223286814587, levelgen mode: deterministic

0 Gargoyl the Skirmisher (level 1, -2/19 HPs)
             Began as a Centaur Abyssal Knight on Dec 3, 2019.
             Was a Follower of Lugonu.
             Slain by a small abomination (15 damage)
             ... on level 1 of the Abyss.
             The game lasted 00:01:25 (184 turns).

Gargoyl the Skirmisher (Centaur Abyssal Knight)      Turns: 184, Time: 00:01:25

Health: -2/19      AC:  4    Str: 14    XL:     1   Next: 0%
Magic:  2/2        EV:  9    Int: 11    God:    Lugonu [*.....]
Gold:   0          SH:  0    Dex:  8    Spells: 0/0 levels left

rFire    . . .     SeeInvis .   a - +1 hand axe
rCold    . . .     Gourm    .   (no shield)
rNeg     . . .     Faith    .   b - +0 leather armour
rPois    .         Spirit   .   (no helmet)
rElec    .         Reflect  .   (no cloak)
rCorr    .         Harm     .   (no gloves)
MR       .....                  (no barding)
Stlth    ..........             (no amulet)
HPRegen  0.06/turn              (no ring)
MPRegen  0.08/turn              (no ring)

@: glowing, very quick
A: large, hooves 3, deformed body, speed 2, tough skin 3, no potion heal 1
a: Depart the Abyss, Renounce Religion


You were on level 1 of the Abyss.
You worshipped Lugonu.
Lugonu was aware of your devotion.
You were not hungry.

You visited 0 branches of the dungeon, and saw 0 of its levels.
You visited the Abyss 1 time.

Inventory:

Hand Weapons
 a - a +1 hand axe (weapon)
Armour
 b - a +0 leather armour (worn)
Scrolls
 d - a scroll of noise {unknown}
 e - a scroll of enchant weapon {unknown}
 f - a scroll of random uselessness {unknown}
Comestibles
 c - 2 rations


   Skills:
 + Level 3.0 Fighting
 + Level 1.7 Axes
 + Level 1.3 Armour
 + Level 0.6 Dodging
 + Level 2.0 Invocations


You couldn't memorise any spells.
You didn't know any spells.
Your spell library was empty.

Dungeon Overview and Level Annotations

Branches:
Dungeon (0/15)

Altars:


Innate Abilities, Weirdness & Mutations

You have hooves in place of feet.
Armour fits poorly on your strangely shaped body.
You cover ground very quickly.
You have extremely tough skin. (AC +3)
Potions are less effective at restoring your health.


Message History

The small abomination moves out of view.
Unknown command.
You hit the ophan but do no damage.
The ophan is lightly wounded.
A fire bat comes into view.
Unknown command.
You hit the ophan.
The ophan is lightly wounded.
The small abomination is engulfed in blessed fire.
The small abomination barely misses you.
Unknown command.
You hit the ophan.
The ophan is lightly wounded.
You hit the small abomination but do no damage.
The small abomination is engulfed in blessed fire.
The small abomination barely misses you.
The small abomination is engulfed in blessed fire.
The small abomination hits you!
Ouch! That really hurt!
You die...

.# .# . #. .#
.. # #.5. # # #
.. ... #.. . #
.###.#.## ....
# ...## . ..#.
.. ..... #.##.
# ###.##
##...... # .. .
# #.# .##..#...
.. # # ##. ##
.#.. . #
###.....#.##ยง#
. #.).
#....XG@## #
#..# #...#5##x#
.# # # ###.#zb
.... #.# ##
....... .#
#...... # #
...... # .
...... #. .....
...


You could see an ophan, a large abomination, a small abomination, a fire bat, a
wight and a crimson imp.

Vanquished Creatures (others)
  A lurking horror (Abyss:1)
1 creature vanquished.

Notes
Turn   | Place    | Note
-------+----------+-------------------------------------------
     0 | Abyss:1  | Gargoyl the Centaur Abyssal Knight began the quest for the
                  | Orb.
     0 | Abyss:1  | Reached XP level 1. HP: 19/19 MP: 2/2
    40 | Abyss:1  | Noticed a flying skull
    56 | Abyss:1  | Noticed a crimson imp
    76 | Abyss:1  | Noticed a smoke demon
    84 | Abyss:1  | Noticed a large abomination
   103 | Abyss:1  | Noticed a neqoxec
   124 | Abyss:1  | Noticed a small abomination
   132 | Abyss:1  | Gained mutation: Potions are less effective at restoring
                  | your health. [a neqoxec]
   173 | Abyss:1  | Noticed an ophan
   176 | Abyss:1  | Noticed a wight
   181 | Abyss:1  | Noticed a small abomination
   182 | Abyss:1  | Noticed a fire bat
   184 | Abyss:1  | Slain by a small abomination

Levels and vault maps discovered:
Abyss:1:  minivault_1

Action                   || total
-------------------------++-------
Melee: Hand axe          ||     5
Dodge: Dodged            ||     2

Table legend:
 A = Non-vault XP
 B = Vault XP
 C = Vault XP percentage of total XP
 D = Non-vault monster count
 E = Vault monster count
 F = Vault count percentage of total count
                 A         B        C        D         E       F
            +---------+---------+-------+---------+---------+-------
      Total |       0 |       0 |   N/A |       0 |       0 |  -nan
            +---------+---------+-------+---------+---------+-------
            +---------+---------+-------+---------+---------+-------
